 Dungeon Crawl Stone Soup version 0.29.0-4-gdea44cf6ec (webtiles) character file.

Game seed: 13150898028255471625

18 qw the Vexing (level 2, -3/27 HPs)
             Began as an Ogre Enchanter on Sept 3, 2022.
             Frozen to death by an endoplasm (5 damage)
             ... on level 1 of the Dungeon.
             The game lasted 00:00:39 (1364 turns).

qw the Vexing (Ogre Enchanter)                      Turns: 1364, Time: 00:00:39

Health: -3/27      AC:  3    Str: 11    XL:     2   Next: 66%
Magic:  5/5        EV:  9    Int: 16    God:
Gold:   53         SH:  0    Dex:  9    Spells: 5/5 levels left

rFire   . . .      SeeInvis .   a - +0 mace
rCold   . . .      Faith    .   (no shield)
rNeg    . . .      Spirit   .   b - +0 robe
rPois   .          Reflect  .   (helmet restricted)
rElec   .          Harm     .   (no cloak)
rCorr   .          Rampage  .   (gloves unavailable)
Will    .....                   (boots unavailable)
Stlth   ++........              (no amulet)
HPRegen 0.09/turn               (no ring)
MPRegen 0.09/turn               (no ring)

@: no status effects
A: large, unfitting armour, tough skin 1
a: no special abilities


You were on level 1 of the Dungeon.
You visited 1 branch of the dungeon, and saw 1 of its levels.

You collected 53 gold pieces.


Innate Abilities, Weirdness & Mutations

You are too large for most types of armour.
You have tough skin. (AC +1)


   Skills:
 + Level 1.1 Fighting
 - Level 0.8 Short Blades
 - Level 2.0 Axes
 - Level 1.7 Dodging
 - Level 2.1 Stealth
 - Level 2.4 Spellcasting
 - Level 2.6 Hexes


You had 5 spell levels left.
You didn't know any spells.
Your spell library contained the following spells:

 Spells                   Type           Power      Damage    Failure   Level
 Ensorcelled Hibernation  Hex/Ice        12%        N/A       17%         2
 Confusing Touch          Hex            10%        N/A       21%         3
 Tukima's Dance           Hex            10%        N/A       21%         3
 Dazzling Flash           Conj/Hex       12%        N/A       34%         3

Inventory:

Hand Weapons
 a - a +0 mace (weapon)
Armour
 b - a +0 robe (worn)
Scrolls
 e - a scroll of fear {unknown}
 f - a scroll of teleportation {unknown}
 k - a scroll of vulnerability {unknown}
Potions
 c - 2 potions of invisibility
 d - a potion of mutation {unknown}
 g - 2 potions of flight {unknown}
 h - a potion of attraction {unknown}
 i - a potion of curing {unknown}
 j - a potion of heal wounds {unknown}

Dungeon Overview and Level Annotations

Branches:
Dungeon (1/15)

Altars:


Message History

The giant cockroach bites you but does no damage.
The kobold hits you with a +0 whip. The kobold closely misses you.
The giant cockroach bites you.
You barely miss the giant cockroach.
The giant cockroach is almost dead.
The giant cockroach bites you. The kobold hits you but does no damage.
You closely miss the giant cockroach.
The giant cockroach is almost dead.
The giant cockroach bites you but does no damage.
The kobold hits you with a +0 whip. The giant cockroach bites you.
You barely miss the giant cockroach.
The giant cockroach is almost dead.
The kobold barely misses you. The giant cockroach barely misses you.
The kobold barely misses you. The giant cockroach bites you.
You hit the giant cockroach but do no damage.
The giant cockroach is almost dead.
The giant cockroach bites you but does no damage.
The kobold hits you with a +0 whip.
You barely miss the giant cockroach.
The giant cockroach is almost dead.
The endoplasm quivers.
The giant cockroach closely misses you. The kobold misses you.
The giant cockroach closely misses you.
You hit the giant cockroach.
You kill the giant cockroach!
The kobold closely misses you. x2
Your Axes skill increases to level 2!
You hit the kobold.
You kill the kobold!
You barely miss the endoplasm.
The endoplasm jiggles.
The endoplasm freezes you.
You are frozen.
You hit the endoplasm but do no damage. The endoplasm closely misses you.
The endoplasm hits you.
You hit the endoplasm.
The endoplasm is severely wounded.
The endoplasm freezes you.
You are frozen.
You die...

.#...............
.#...########...
.###.########..
.....##.....#.#
##.####.###.#.#
#.####.###...####
#.....(.........#
####.#...######.#
#....## #@#
#...###....J)#
##..##...#...#
#..#.. ##..# #..#
##.# ##.# #.# .#
#.# ..#


You could see an endoplasm.

Vanquished Creatures
  An endoplasm (D:1)
  A giant cockroach (D:1)
  2 goblins (D:1)
  A quokka (D:1)
  3 ball pythons (D:1)
  2 bats (D:1)
  2 frilled lizards (D:1)
  4 kobolds (D:1)
  2 rats (D:1)
18 creatures vanquished.

Vanquished Creatures (others)
  3 plants (D:1)
3 creatures vanquished.

Grand Total: 21 creatures vanquished

Notes
Turn   | Place    | Note
-------+----------+-------------------------------------------
     0 | D:1      | qw the Ogre Enchanter began the quest for the Orb.
     0 | D:1      | Reached XP level 1. HP: 16/16 MP: 3/3
     0 | D:1      | 0 ||| qw: Version: 0.1-a-102-g441f92d
     0 | D:1      | 0 ||| qw: Game counter: 5262
     0 | D:1      | 0 ||| qw: Always use a shield: true
     0 | D:1      | 0 ||| qw: God list: Okawaru
     0 | D:1      | 0 ||| qw: Allow faded altars: false
     0 | D:1      | 0 ||| qw: Do Orc after D:15 true
     0 | D:1      | 0 ||| qw: Do second Lair branch before Depths: true
     0 | D:1      | 0 ||| qw: Lair rune preference: random
     0 | D:1      | 0 ||| qw: Plans: Normal
     0 | D:1      | 0 ||| PLANNING D:1-11
    86 | D:1      | 86 ||| Stepping ~*~*~tactically~*~*~ (stealth).
    87 | D:1      | 87 ||| Stepping ~*~*~tactically~*~*~ (stealth).
    89 | D:1      | 89 ||| Stepping ~*~*~tactically~*~*~ (stealth).
    90 | D:1      | 90 ||| Stepping ~*~*~tactically~*~*~ (stealth).
    92 | D:1      | 92 ||| Stepping ~*~*~tactically~*~*~ (stealth).
    98 | D:1      | HP: 3/16 [kobold/+0 short sword (2)]
   113 | D:1      | 113 ||| Stepping ~*~*~tactically~*~*~ (stealth).
   115 | D:1      | 115 ||| Stepping ~*~*~tactically~*~*~ (stealth).
   116 | D:1      | 116 ||| Stepping ~*~*~tactically~*~*~ (stealth).
   117 | D:1      | 117 ||| Stepping ~*~*~tactically~*~*~ (stealth).
   136 | D:1      | HP: 3/16 [frilled lizard (1)]
   389 | D:1      | 389 ||| SWAPPING to +0 short sword.
   390 | D:1      | 390 ||| DROPPING +1 dagger.
   413 | D:1      | 413 ||| SWAPPING to +0 mace.
   414 | D:1      | 414 ||| DROPPING +0 short sword.
   432 | D:1      | Reached skill level 1 in Axes
   585 | D:1      | HP: 4/18 [kobold/+0 whip (1)]
   587 | D:1      | Reached skill level 1 in Fighting
   942 | D:1      | Reached XP level 2. HP: 24/27 MP: 5/5
  1067 | D:1      | 1067 ||| Stepping ~*~*~tactically~*~*~ (stealth).
  1362 | D:1      | HP: 5/27 [frozen (4)]
  1363 | D:1      | HP: 2/27 [endoplasm (3)]
  1364 | D:1      | Frozen to death by an endoplasm

Levels and vault maps discovered:
D:1:      zelgadis_glass_arrival_small, layout_basic, serial_forest,
          infiniplex_forest_clump_diagonal, infiniplex_forest_lined_ring,
          infiniplex_forest_lined_2, infiniplex_forest_clump_C,
          infiniplex_forest_lined_4_way, infiniplex_forest_corner_1,
          infiniplex_forest_clump_cross, infiniplex_forest_straight_2,
          dilly_ecumenical_altar_fadedgnrine, st_stairs_9, minmay_cupped

Skill      XL: |  1  2 |
---------------+-------+-----
Axes           | 1 2 |  2.0
Fighting       | 1 |  1.1
Short Blades   | |  0.8
Dodging        | |  1.7
Stealth        | |  2.1
Spellcasting   | |  2.4
Hexes          | |  2.6

Action                   || total
-------------------------++-------
Melee: Dagger            ||    23
       Mace              ||    59
       Punch             ||     1
Armor: Robe              ||    26
Dodge: Dodged            ||    43

Table legend:
 A = Non-vault XP
 B = Vault XP
 C = Vault XP percentage of total XP
 D = Non-vault monster count
 E = Vault monster count
 F = Vault count percentage of total count
                 A         B        C        D         E       F
            +---------+---------+-------+---------+---------+-------
      Total |      19 |       7 |  26.9 |      12 |       6 |  33.3
            +---------+---------+-------+---------+---------+-------
        D:1 |      19 |       7 |  26.9 |      12 |       6 |  33.3
            +---------+---------+-------+---------+---------+-------
